 Dungeon Crawl Stone Soup version 0.32-a0-938-g40ac7a0f4d (webtiles) character file.

Game seed: 7609424603930133746

129950 glaedl the Slayer (level 16, 0/169 HPs)
             Began as a Minotaur Berserker on Apr 15, 2024.
             Was the Champion of Trog.
             Killed from afar by a shock serpent (26 damage)
             ... with a bolt of electricity
             ... on level 3 of the Snake Pit.
             The game lasted 01:16:35 (26325 turns).

glaedl the Slayer (Minotaur Berserker)             Turns: 26325, Time: 01:16:36

Health: 0/169      AC: 20    Str: 33    XL:     16   Next: 51%
Magic:  1/5        EV: 13    Int:  4    God:    Trog [******]
Gold:   1960       SH:  0    Dex: 10    Spells: 15/15 levels left

rFire   + + .        L - +6 battleaxe "Mennidur" {antimagic, rC+ rN++ Will-}
rCold   . . .        (shield currently unavailable)
rNeg    + + .        E - +0 fire dragon scales
rPois   x            (helmet restricted)
rElec   .            N - +0 cloak
rCorr   .            J - +1 pair of gloves {Str+3}
SInv    .            a - +2 pair of boots
Will    +++..        p - amulet of the acrobat Stlth
                     U - ring of Shadows {Umbra +Inv Stlth+}
HPRegen 1.48/turn    v - ring of willpower
MPRegen 0.09/turn

%: acrobat
@: lethally poisoned (0 -> -4), strong-willed, poison vulnerable, regenerating,
wreathed by umbra
A: horns 2, retaliatory headbutt
a: Renounce Religion, Evoke Invisibility, Berserk, Trog's Hand, Brothers in Arms


You were on level 3 of the Snake Pit.
You worshipped Trog.
Trog was exalted by your worship.
You visited 3 branches of the dungeon, and saw 23 of its levels.
You also visited: Sewer.

You collected 1960 gold pieces.

Inventory:

Hand Weapons
 c - a +3 broad axe of flaming
 g - a +5 heavy executioner's axe
 L - the +6 battleaxe "Mennidur" (weapon) {antimagic, rC+ rN++ Will-}
   (Trog gifted it to you on level 3 of the Lair of Beasts)

   rC+:       It protects you from cold.
   rN++:      It greatly protects you from negative energy.
   Will-:     It decreases your willpower.
Armour
 a - a +2 pair of boots (worn)
 E - +0 fire dragon scales (worn)
 G - the +2 pair of gloves of Hoteu {*Corrode rElec rPois Slay+5}
   (You found it on level 7 of the Dungeon)

   Slay+5:    It affects your accuracy & damage with ranged weapons and melee
   (+5).
   rElec:     It insulates you from electricity.
   rPois:     It protects you from poison.
   *Corrode:  It may corrode you when you take damage.
 J - a +1 pair of gloves of strength (worn)
 N - a +0 cloak (worn)
 V - the +3 leather armour of Daffodils {Fly rF+ Will+ MP+9}
   (You found it on level 1 of the Lair of Beasts)

   rF+:       It protects you from fire.
   Will+:     It increases your willpower.
   MP+9:      It affects your magic capacity (+9).
   Fly:       It grants you flight.
Jewellery
 p - an amulet of the acrobat (around neck)
 v - a ring of willpower (right hand)
 H - a ring of protection from cold
 I - a +6 ring of strength
 O - a +6 ring of intelligence
 U - the ring of Shadows (left hand) {Umbra +Inv Stlth+}
   (You found it on level 3 of the Snake Pit)

   [ring of stealth]

   Umbra:     It surrounds you with an aura of shadow, increasing your stealth
   and reducing the accuracy of all others within it.
   +Inv:      It lets you turn invisible.
   Stlth+:    It makes you more stealthy.
Wands
 P - a wand of digging (2)
 T - a wand of charming (5)
Scrolls
 d - 9 scrolls of teleportation
 e - 6 scrolls of poison
 f - 2 scrolls of brand weapon
 j - 6 scrolls of silence
 m - 9 scrolls of noise
 q - a scroll of revelation
 r - 4 scrolls of enchant weapon
 x - 7 scrolls of blinking
 y - 2 scrolls of immolation
 A - 2 scrolls of fog
 D - 6 scrolls of fear
 F - 4 scrolls of enchant armour
 Q - 4 scrolls of identify
 R - 2 scrolls of butterflies
 X - 3 scrolls of torment {unknown}
Potions
 h - 4 potions of heal wounds
 l - 3 potions of enlightenment
 n - 13 potions of curing
 o - 3 potions of lignification
 s - 6 potions of berserk rage
 t - 8 potions of mutation
 w - 2 potions of attraction
 z - 8 potions of haste
 B - 5 potions of might
 C - a potion of invisibility {unknown}
 K - 5 potions of cancellation
 M - a potion of degeneration {unknown}
 S - a potion of resistance {unknown}
Miscellaneous
 b - a phantom mirror
 i - a box of beasts
 k - a condenser vane
 u - a lightning rod (4/4)
 Z - a phial of floods


   Skills:
 * Level 22.2 Fighting
 + Level 21.0 Axes
 + Level 13.7 Armour
 + Level 12.5 Dodging


You had 15 spell levels left.
You didn't know any spells.
Your spell library was empty.

Dungeon Overview and Level Annotations

Branches:
Dungeon (15/15)            Temple (0/1) D:5            Lair (5/5) D:11
 Shoals (0/4) Lair:2        Snake (3/4) Lair:3        Slime (0/5) Lair:4
    Orc (0/2) D:10         Vaults (0/5) D:14         Depths (0/4) D:15
  Sewer (visited)

Altars:
Ashenzari
Cheibriados
Gozag
Kikubaaqudgha
Makhleb
Okawaru
Qazlal
Ru
Wu Jian
Xom
Jiyva

Shops:
D:1 [   D:4 (   Snake:2 :=:   Snake:3 (


Innate Abilities, Weirdness & Mutations

You have a pair of horns on your head.
You reflexively headbutt those who attack you in melee.


Message History

The naga ritualist begins to radiate toxic energy.
You are more poisoned.
You barely miss the naga ritualist.
The naga ritualist is lightly wounded.
You feel very sick.
You slice the naga ritualist!! You headbutt the naga ritualist!
The naga ritualist is heavily wounded.
You feel very sick.
You are more poisoned.
The naga ritualist spits poison at you. The splash of poison hits you.
You are more poisoned.
You slice the naga ritualist!!
The naga ritualist is severely wounded.
You feel extremely sick.
You are more poisoned.
A shock serpent comes into view.
The naga ritualist barely misses you. You furiously retaliate!
You headbutt the naga ritualist!!
You kill the naga ritualist!
Trog accepts your kill.
Your skin crawls.
You feel strong-willed.
You feel extremely sick.
You feel extremely sick.
Things that are here:
a +0 glaive; a +0 robe You feel extremely sick.
You feel extremely sick.
You start resting.
You feel very sick.
A shock serpent is nearby!
You feel very sick.
You slice the shock serpent!! You headbutt the shock serpent.
The shock serpent is heavily wounded.
The shock serpent's electric aura discharges, shocking you!
* * * LOW HITPOINT WARNING * * *
You feel sick.
The shock serpent shoots out a bolt of lightning at you!
The bolt of electricity hits you!!
You die...

[.# ..## #..... #..##
#..... ##..## ....#
##..## #...# ####..##
...## .####..# ...# #.#
#..# #..# .#####.# #@.##
.#.###.# ##S.# #..##..#
#).## #..>#..## ##.?.####
.###....# ###†........ .#
#.#..######..........# .#
#.#......S...........#
.###.#.............?....#
..#####.................#


You could see a shock serpent.

Vanquished Creatures
  Roxanne (D:14)
  2 nagarajas
  An ironbound preserver (D:14)
  A dire elephant (D:15)
  Azrael (D:15)
  Josephine (D:15)
  A fire dragon (D:14)
  Fannar (Lair:1)
  A rakshasa (D:15)
  4 centaur warriors
  An ogre mage (D:15)
  2 catoblepae (D:14)
  8 anacondas
  6 hydras
  7 boulder beetles
  3 death yaks (Lair:5)
  10 two-headed ogres
  A demonic crawler (Lair:2)
  8 naga warriors
  6 naga sharpshooters
  4 shock serpents
  Nergalle (Lair:1)
  A salamander mystic (D:15)
  A sea snake (Snake:1)
  6 naga ritualists
  An orb spider (shapeshifter) (D:15)
  8 slime creatures
  14 mana vipers
  3 deep elf pyromancers
  2 cyclopes
  12 ugly things (D:14)
  6 salamanders
  3 manticores
  5 elephants (Lair:5)
  4 guardian serpents
  9 naga magi
  41 black mambas
  A torpor snail (Lair:1)
  A gargoyle (D:14)
  13 cane toads
  2 unseen horrors (D:13)
  2 rime drakes
  A kobold demonologist (D:14)
  12 komodo dragons
  A tengu conjurer (D:14)
  4 polar bears
  Prince Ribbit (D:8)
  A queen bee (shapeshifter) (D:13)
  3 trolls
  14 blink frogs
  13 wyverns
  66 yaks
  6 spriggans (Lair:1)
  7 wraiths
  3 fire bats (Lair:1)
  6 basilisks
  2 fire elementals (D:15)
  5 vampire mosquitoes
  5 steam dragons
  3 swamp worms (Lair:2)
  28 nagas
  3 acid dragons
  2 hell hounds (D:15)
  14 water moccasins
  3 black bears
  6 orc warriors
  25 wolves
  2 laughing skulls (D:13)
  6 ogres
  13 centaurs
  2 kobold brigands (D:8)
  15 bullfrogs
  2 gnoll sergeants
  13 wights
  16 killer bees
  7 howler monkeys
  A lava snake (Lair:1)
  3 hounds (D:5)
  2 jellies
  6 orc priests
  A bombardier beetle (D:5)
  A gnoll bouda (D:7)
  3 iguanas
  Natasha (D:2)
  12 orc wizards
  3 hell rats (Lair:3)
  Robin (D:2)
  15 gnolls
  10 adders
  9 river rats
  A shadow imp (D:7)
  3 white imps
  A dart slug (D:1)
  A ribbon worm (D:5)
  43 orcs
  13 ball pythons
  6 bats
  7 endoplasms
  7 giant cockroaches
  13 goblins
  9 hobgoblins
  6 jackals
  14 kobolds
  10 quokkas
  6 frilled lizards
  27 rats
751 creatures vanquished.

Vanquished Creatures (collateral kills)
  A catoblepas (Lair:5)
  A deep troll shaman (Lair:5)
  A lindwurm (Lair:5)
  2 wolves (Lair:5)
5 creatures vanquished.

Grand Total: 756 creatures vanquished

Notes
Turn   | Place    | Note
-------+----------+-------------------------------------------
     0 | D:1      | glaedl the Minotaur Berserker began the quest for the Orb.
     0 | D:1      | Reached XP level 1. HP: 19/19 MP: 0/0
    61 | D:1      | Reached XP level 2. HP: 27/27 MP: 1/1
    72 | D:1      | Reached skill level 4 in Fighting
   282 | D:1      | Found Lerphuv's Antique Armour Emporium.
   341 | D:1      | Reached XP level 3. HP: 23/33 MP: 2/2
   480 | D:1      | Reached ** piety under Trog
   907 | D:2      | Noticed Robin
   932 | D:2      | Killed Robin
   933 | D:2      | Reached XP level 4. HP: 38/41 MP: 3/3
  1216 | D:2      | Reached skill level 5 in Fighting
  1292 | D:2      | Noticed Natasha
  1298 | D:2      | Killed Natasha
  1401 | D:2      | Reached XP level 5. HP: 48/48 MP: 4/4
  1419 | D:2      | Found a sacrificial altar of Ru.
  1624 | D:2      | Found a faded altar of an unknown god.
  2059 | D:3      | Reached *** piety under Trog
  2190 | D:3      | Found a broken altar of Ashenzari.
  2683 | D:4      | Found Gairoah's Weapon Shoppe.
  2855 | D:4      | Found a snail-covered altar of Cheibriados.
  3071 | D:4      | Found an ornate altar of the Wu Jian Council.
  3829 | D:5      | Entered Level 5 of the Dungeon
  3829 | D:5      | Found a shimmering altar of Xom.
  3843 | D:5      | Noticed an ogre
  3858 | D:5      | Killed an ogre
  3859 | D:5      | Reached XP level 6. HP: 57/57 MP: 5/5
  3930 | D:5      | Reached skill level 6 in Fighting
  3930 | D:5      | Reached skill level 5 in Axes
  4114 | D:5      | Reached XP level 7. HP: 50/64 MP: 6/6
  4409 | D:5      | Found a staircase to the Ecumenical Temple.
  4496 | D:6      | Reached skill level 7 in Fighting
  4572 | D:6      | Found a glowing drain.
  4590 | Sewer    | Entered a sewer
  4620 | Sewer    | Reached skill level 5 in Armour
  4779 | Sewer    | Reached **** piety under Trog
  5270 | D:6      | Identified the +9 long sword of Prescription {vamp, Fly
                  | Str+4}
  5395 | D:6      | Reached skill level 8 in Fighting
  5395 | D:6      | Reached skill level 5 in Dodging
  5395 | D:6      | Reached XP level 8. HP: 74/74 MP: 7/7
  6284 | D:7      | Reached skill level 9 in Fighting
  6620 | D:7      | Found an ancient bone altar of Kikubaaqudgha.
  6851 | D:7      | Found a burning altar of Makhleb.
  6851 | D:7      | Noticed a cacodemon
  6852 | D:7      | Identified the +2 pair of gloves of Hoteu {*Corrode rElec
                  | rPois Slay+5}
  6895 | D:8      | Reached XP level 9. HP: 62/85 MP: 8/8
  7390 | D:8      | Reached skill level 10 in Fighting
  7751 | D:8      | Noticed a two-headed ogre
  7759 | D:8      | Killed a two-headed ogre
  7760 | D:8      | Reached skill level 11 in Fighting
  8072 | D:8      | Found an opulent altar of Gozag.
  8214 | D:9      | Noticed Prince Ribbit
  8238 | D:8      | Killed Prince Ribbit
  8303 | D:9      | Reached XP level 10. HP: 96/96 MP: 9/9
  8697 | D:9      | Found a stormy altar of Qazlal.
  8806 | D:9      | Reached skill level 12 in Fighting
  8903 | D:9      | Reached ***** piety under Trog
  9656 | D:10     | Entered Level 10 of the Dungeon
  9673 | D:10     | Reached skill level 13 in Fighting
  9751 | D:10     | Found a sacrificial altar of Ru.
  9870 | D:10     | Noticed a two-headed ogre
  9879 | D:10     | Killed a two-headed ogre
  9879 | D:10     | Received a gift from Trog
  9880 | D:10     | Reached XP level 11. HP: 107/107 MP: 10/10
  9974 | D:10     | Reached skill level 10 in Axes
 10145 | D:10     | Found a staircase to the Orcish Mines.
 10560 | D:10     | Noticed a two-headed ogre
 10568 | D:10     | Killed a two-headed ogre
 10740 | D:11     | Noticed a two-headed ogre
 10743 | D:11     | Killed a two-headed ogre
 10744 | D:11     | Reached skill level 10 in Armour
 10908 | D:11     | Reached skill level 14 in Fighting
 10972 | D:11     | You fall into a shaft and drop 2 floors!
 11003 | D:13     | Noticed a centaur warrior
 11017 | D:13     | Killed a centaur warrior
 11118 | D:12     | Noticed a two-headed ogre
 11130 | D:12     | Killed a two-headed ogre
 11483 | D:11     | Noticed a two-headed ogre
 11486 | D:11     | Killed a two-headed ogre
 11489 | D:11     | Noticed a two-headed ogre
 11522 | D:11     | Killed a two-headed ogre
 11541 | D:11     | Noticed a two-headed ogre
 11546 | D:11     | Killed a two-headed ogre
 11547 | D:11     | Reached XP level 12. HP: 96/118 MP: 11/11
 11711 | D:11     | Found a staircase to the Lair.
 11818 | Lair:1   | Entered Level 1 of the Lair of Beasts
 11891 | Lair:1   | Reached skill level 15 in Fighting
 11905 | Lair:1   | Noticed Nergalle
 11911 | Lair:1   | Killed Nergalle
 12275 | Lair:1   | Reached skill level 15 in Axes
 12419 | Lair:1   | Received a gift from Trog
 12630 | Lair:1   | Identified the +3 leather armour of Daffodils {Fly rF+
                  | Will+ MP+9}
 12783 | Lair:1   | Reached skill level 16 in Fighting
 12980 | Lair:1   | Noticed Fannar
 12993 | Lair:1   | Killed Fannar
 13209 | Lair:2   | Noticed a boulder beetle
 13216 | Lair:2   | Killed a boulder beetle
 13217 | Lair:2   | Reached XP level 13. HP: 106/129 MP: 12/12
 13817 | Lair:2   | Found a staircase to the Shoals.
 14618 | Lair:3   | Reached skill level 17 in Fighting
 14952 | Lair:3   | Found a staircase to the Snake Pit.
 15308 | Lair:3   | Identified the +6 battleaxe "Mennidur" {antimagic, rC+ rN++
                  | Will-} (Trog gifted it to you on level 3 of the Lair of
                  | Beasts)
 15308 | Lair:3   | Received a gift from Trog
 15347 | Lair:4   | Found a staircase to the Slime Pits.
 15347 | Lair:4   | Found a viscous altar of Jiyva.
 16118 | Lair:5   | Entered Level 5 of the Lair of Beasts
 16164 | Lair:5   | Found the crystal ball of Wucad Mu {*channel}
 16422 | Lair:5   | Reached XP level 14. HP: 117/141 MP: 8/13
 16649 | Lair:5   | Found an iron altar of Okawaru.
 17159 | Lair:5   | Reached skill level 18 in Fighting
 18013 | D:13     | Received a gift from Trog
 19215 | D:14     | Found a gate to the Vaults.
 19215 | D:14     | Noticed an ironbound preserver
 19228 | D:14     | Killed an ironbound preserver
 19279 | D:14     | Reached skill level 19 in Fighting
 19865 | D:14     | Received a gift from Trog
 19941 | D:14     | Noticed Roxanne
 19972 | D:14     | Killed Roxanne
 20038 | D:14     | Reached XP level 15. HP: 152/152 MP: 4/14
 20142 | D:15     | Entered Level 15 of the Dungeon
 20142 | D:15     | Noticed Josephine
 20147 | D:15     | Reached skill level 10 in Dodging
 20155 | D:15     | Killed Josephine
 20406 | D:15     | Paralysed by something for 4 turns
 20735 | D:15     | Noticed Azrael
 20748 | D:15     | Killed Azrael
 21127 | D:15     | Found a staircase to the Depths.
 21574 | Snake:1  | Entered Level 1 of the Snake Pit
 21784 | Snake:1  | Reached skill level 20 in Fighting
 22972 | Snake:1  | Reached ****** piety under Trog
 23309 | Snake:2  | Received a gift from Trog
 23609 | Snake:2  | Reached skill level 21 in Fighting
 23854 | Snake:2  | Reached XP level 16. HP: 164/167 MP: 5/15
 24211 | Snake:2  | Found Ymnuel's Book Shop.
 24212 | Snake:2  | Found Huxtuape's Jewellery Emporium.
 24213 | Snake:2  | Found Gatimakk's Book Shop.
 24999 | Snake:3  | Found the ring of Shadows {Umbra +Inv Stlth+}
 25732 | Snake:3  | Reached skill level 22 in Fighting
 25742 | Snake:3  | Found Loutott's Weapon Shoppe.
 25793 | Snake:3  | Received a gift from Trog
 26325 | Snake:3  | Killed from afar by a shock serpent

Illustrated notes

Levels and vault maps discovered:
D:1:      lightli_arrival_lavapool, layout_basic, serial_shops,
          nicolae_shop_behind_doors, minmay_misc_feat_nine_boxes
D:2:      wad_crossroads, layout_rooms, shapermc_ecumenical_altar_hornbeckon,
          basic_altar, grunt_decor_mini_mirrors, moated_statue, minmay_tall_x,
          uniq_robin, uniq_crazy_yiuf_cottage, uniq_natasha
D:3:      layout_basic, lemuel_round_altar, lightli_corner_chamber
D:4:      layout_layer_cave, nzn_wu_jian_council_hall,
          mainiacjoe_overflow_cross_hatched, serial_shops, shop,
          nicolae_hexahallways
D:5:      layout_rooms, brannock_xom_greatest_gift,
          minmay_temple_entry_sparse_star
D:6:      layout_loops_cross, gup_sewer_entry_pipe
D:7:      layout_loops_ring, makhleb_altar_promises_db,
          mainiacjoe_overflow_concentric_impassable
D:8:      minmay_the_grid_square_5x5_3x3 [minmay_the_grid_square_5x5_bracketed,
          minmay_the_grid_square_5x5_inverted_slash,
          minmay_the_grid_square_5x5_inner_i, minmay_the_grid_square_5x5_comb,
          minmay_the_grid_square_5x5_megaprize_hollow,
          minmay_the_grid_square_5x5_fancy_junction,
          minmay_the_grid_square_5x5_bridge, minmay_the_grid_square_5x5_six,
          minmay_the_grid_square_5x5_moneybag], layout_basic,
          grunt_gozag_breadcrumbs
D:9:      kennysheep_steamy, layout_rooms, grunt_qazlal_clouds,
          minmay_misc_feat_encased, uniq_prince_ribbit1
D:10:     layout_gridville, nicolae_overflow_crystal_walls, orc_0_dummy
D:11:     layout_rooms, david_lair_shrubbed
D:12:     layout_long_grid, serial_rivers, chequers_serial_rivers_micro_c,
          chequers_serial_rivers_room_b, chequers_serial_rivers_micro_d,
          chequers_serial_rivers_micro_b, chequers_serial_rivers_room_b,
          chequers_serial_rivers_small_b
D:13:     layout_cave_pods, fungi_pond_lemuel, minmay_misc_feat_diagonals
D:14:     layout_basic, skrybe_vaults_entry_preservation, uniq_roxanne
D:15:     hangedman_depths_entry_try_elsewhere_first, layout_basic,
          hangedman_decor_slide_cut, skrybe_limestone_x, uniq_azrael,
          uniq_josephine
Lair:1:   kb_forest_paths, layout_gridlike, uniq_nergalle, uniq_fannar
Lair:2:   layout_cave_shapes, minmay_shoals_entry_centaurs, st_stairs_10,
          worms_lemuel, lemuel_fruit_tree, grunt_megastairs_2
Lair:3:   layout_misc_corridors, nicolae_snake_entry_squirm,
          kennysheep_abandoned_house
Lair:4:   layout_roguey, slime_entry_1, serial_bayou_pond_c,
          serial_bayou_shore_b
Lair:5:   grunt_lair_end_beastmaster, layout_cave_shapes, basic_altar,
          grunt_megastairs_4
Snake:1:  layout_basic, special_room, serial_bayou_pond_b
Snake:2:  layout_rooms, minmay_shop_grove
Snake:3:  layout_layer_cave, minmay_shop_star

Skill      XL: |  1  2  3  4  5  6  7  8  9 10 11 12 13 14 15 16 |
---------------+-------------------------------------------------+-----
Fighting       | 4 5 6 8 9 11 13 14 16 17 19 21 22 | 22.2
Axes           | 4 5 6 7 8 9 13 16 19 20 21 | 21.0
Armour         | 3 4 5 6 8 9 10 11 12 13 | 13.7
Dodging        | 3 4 5 6 7 8 9 11 12 | 12.5

Action                     |  1- 3 |  4- 6 |  7- 9 | 10-12 | 13-15 | 16-18 || total
---------------------------+-------+-------+-------+-------+-------+-------++-------
  Melee: Hand axe          |   105 |   113 |   326 |   136 |       |       ||   680
         Headbutt          |    16 |    28 |    60 |    70 |   191 |    39 ||   404
         Broad axe         |       |       |       |   249 |   176 |       ||   425
         Battleaxe         |       |       |       |       |   585 |   157 ||   742
 Invoke: Berserk           |       |     2 |    11 |     8 |     9 |     1 ||    31
         Trog's Hand       |       |       |       |       |     2 |     1 ||     3
         Brothers in Arms  |       |       |       |       |     1 |       ||     1
    Use: Scroll            |       |       |     8 |    11 |     6 |     1 ||    26
         Potion            |       |       |       |     1 |     1 |       ||     2
   Stab: Sleeping          |     1 |       |       |       |       |       ||     1
         Distracted        |     1 |       |       |       |     1 |       ||     2
 Armour: Animal skin       |    50 |       |       |       |       |       ||    50
         Chain mail        |    11 |    79 |   165 |       |       |       ||   255
         Scale mail        |       |       |    37 |     2 |       |       ||    39
         Acid dragon scale |       |       |       |   182 |    66 |       ||   248
         Leather armour    |       |       |       |       |   178 |       ||   178
         Fire dragon scale |       |       |       |       |   247 |   121 ||   368
  Dodge: Dodged            |    62 |    52 |   156 |   226 |   407 |    98 ||  1001
  Block: Buckler           |       |       |       |    38 |    21 |       ||    59

Table legend: (Time is in decaauts)
 A = Elapsed time spent in this place.
 B = Non-inter-level travel time spent in this place.
 C = Inter-level travel time spent in this place.
 D = Time resting spent in this place.
 E = Time spent auto-exploring this place.
 F = Levels seen in this place.
 G = Mean time per level.
                   A        B        C        D        E       F      G
               +--------+--------+--------+--------+--------+-----+--------+
         Total |  26391 |  25395 |    996 |   5434 |  14982 |  24 | 1099.6 |
       Dungeon |  15424 |  14849 |    575 |   2880 |   9020 |  15 | 1028.3 |
          Lair |   5769 |   5382 |    387 |    376 |   4021 |   5 | 1153.8 |
     Snake Pit |   4685 |   4652 |     33 |   2017 |   1785 |   3 | 1561.7 |
         Sewer |    511 |    511 |      0 |    160 |    154 |   1 |  511.0 |
               +--------+--------+--------+--------+--------+-----+--------+

Top non-repeatable levels by time:
 Snake:3: 1928 daAuts
 Snake:1: 1863 daAuts
     D:8: 1469 daAuts
  Lair:1: 1447 daAuts
  Lair:5: 1365 daAuts
  Lair:2: 1335 daAuts
     D:9: 1333 daAuts
     D:4: 1312 daAuts
    D:15: 1264 daAuts
    D:14: 1233 daAuts
     D:7: 1200 daAuts
    D:10: 1131 daAuts
     D:2: 1129 daAuts
    D:13: 942 daAuts
 Snake:2: 894 daAuts
